[Event "Czech Youth U16 Girls 2024"]
[Site "Kouty nad Desnou"]
[Date "2024.03.11"]
[Round "4.11"]
[White "Holatova, Irena"]
[Black "Urvalkova, Ema"]
[Result "1-0"]
[ECO "B22"]
[WhiteElo "1608"]
[BlackElo "1496"]
[Annotator "NA RC"]
[PlyCount "57"]
[EventDate "2024.03.10"]
[EventType "swiss"]
[EventCountry "CZE"]
[SourceTitle "playchess.com"]
[Source "ChessBase"]
[SourceQuality "1"]
[TimeControl "40/5400+30:1800+30"]

1. e4 c5 2. c3 Nf6 3. e5 Nd5 4. d4 cxd4 5. Nf3 Nc6 6. Bc4 Nb6 7. Bb3 dxc3 8. Nxc3 g6 9. O-O Bg7 10. Bf4 O-O 11. Qd2 Na5 12. Bc2 Nac4 13. Qe2 Na5 14. Rad1 f6 15. Rfe1 Nc6 16. exf6 Bxf6 17. Bb3+ Kh8 18. Ne5 Kg7 19. Ng4 g5 20. Nxf6 exf6 21. Bd6 Rh8 22. Nb5 a6 23. Nd4 Na5 24. Nf5+ Kg6 25. Bc2 Nc6 26. Ng3+ Kg7 27. Qh5 Nc4 28. Nf5+ Kg8 29. Re8+ 1-0

[Event "Czech Youth U16 Girls 2024"]
[Site "Kouty nad Desnou"]
[Date "2024.03.12"]
[Round "5.1"]
[White "Dominikova, Denisa"]
[Black "Dobsa, Emma"]
[Result "1/2-1/2"]
[ECO "C67"]
[WhiteElo "1716"]
[BlackElo "1750"]
[Annotator "NA RC"]
[PlyCount "60"]
[EventDate "2024.03.10"]
[EventType "swiss"]
[EventCountry "CZE"]
[SourceTitle "playchess.com"]
[Source "ChessBase"]
[SourceQuality "1"]
[TimeControl "40/5400+30:1800+30"]

1. e4 e5 2. Nf3 Nc6 3. Bb5 Nf6 4. O-O Nxe4 5. Re1 Nd6 6. Nxe5 Nxe5 7. Rxe5+ Be7 8. Bf1 O-O 9. d4 Bf6 10. Re1 Re8 11. c3 Rxe1 12. Qxe1 Ne8 13. Bf4 d5 14. Nd2 Bf5 15. Qe2 Nd6 16. Re1 Qd7 17. Qf3 Ne4 18. Nxe4 Bxe4 19. Qe3 Kf8 20. Qg3 c6 21. Bg5 Bxg5 22. Qxg5 Re8 23. f3 Bg6 24. Rxe8+ Qxe8 25. Kf2 h6 26. Qf4 Qd8 27. g3 Kg8 28. Bh3 Qb6 29. Qd2 Qc7 30. Qe2 Kh7 1/2-1/2

[Event "Czech Youth U16 Girls 2024"]
[Site "Kouty nad Desnou"]
[Date "2024.03.12"]
[Round "5.2"]
[White "Zadrapova, Amalie"]
[Black "Mikesova, Lenka"]
[Result "1-0"]
[ECO "D91"]
[WhiteElo "1857"]
[BlackElo "1665"]
[Annotator "NA RC"]
[PlyCount "37"]
[EventDate "2024.03.10"]
[EventType "swiss"]
[EventCountry "CZE"]
[SourceTitle "playchess.com"]
[Source "ChessBase"]
[SourceQuality "1"]
[TimeControl "40/5400+30:1800+30"]

1. d4 Nf6 2. Nf3 g6 3. c4 Bg7 4. Nc3 d5 5. Bg5 Ne4 6. cxd5 Nxc3 7. bxc3 Qxd5 8. e3 Bg4 9. Bf4 O-O (9... e5 $11 {is more appropriate.} 10. Bxe5 Bxe5 11. dxe5 Qa5) 10. Be2 (10. Bxc7 $2 {perishes.} Qc6 11. Bg3 (11. Ba5 $2 b6 $19) 11... Qxc3+ 12. Ke2 Bf5 $19) 10... Qa5 11. Qc2 Bf5 12. Qb2 c5 13. O-O (13. Qxb7 $2 {verliert.} Qxc3+ 14. Nd2 Qxa1+ $19) 13... b6 (13... Qb6 $11 {remains equal.} 14. Qa3 Nd7) 14. Ne5 cxd4 15. cxd4 $14 Nd7 16. Nc6 Qa4 17. Nxe7+ Kh8 18. Nxf5 gxf5 19. Bb5 1-0

[Event "Czech Youth U16 Girls 2024"]
[Site "Kouty nad Desnou"]
[Date "2024.03.12"]
[Round "5.3"]
[White "Brezikova, Beata"]
[Black "Cinkova, Vicky"]
[Result "0-1"]
[ECO "C58"]
[WhiteElo "1804"]
[BlackElo "1682"]
[Annotator "NA RC"]
[PlyCount "78"]
[EventDate "2024.03.10"]
[EventType "swiss"]
[EventCountry "CZE"]
[SourceTitle "playchess.com"]
[Source "ChessBase"]
[SourceQuality "1"]
[TimeControl "40/5400+30:1800+30"]

1. e4 e5 2. Nf3 Nc6 3. Bc4 Nf6 4. Ng5 d5 5. exd5 Na5 6. Bb5+ c6 7. dxc6 bxc6 8. Qf3 cxb5 {[%emt 0:00:55] C58: Two Knights: 4 Ng5 d5 5 exd5 Na5 sidelines.} 9. Qxa8 Qc7 10. Qf3 Nc6 11. c3 Bg4 12. Qg3 Nd4 13. Na3 Ne2 14. Qd3 Nf4 15. Qxb5+ Bd7 16. Qf1 Qb7 (16... Bxa3 $19 {has better winning chances.} 17. g3 Ng6 18. bxa3 h6 19. Nxf7 Kxf7) 17. Rg1 Bxa3 18. bxa3 $2 (18. g3 Ng6 (18... Bxb2 19. Rb1 $11) (18... Bb5 19. c4 $16) 19. bxa3) 18... h6 (18... Qd5 $142 19. Rb1 Nd3+ (19... Qxa2 $2 20. Rb4 $19) 20. Ke2 O-O (20... Qxa2 $2 21. Rb8+ Ke7 22. Rb7 $19)) 19. g3 Ng6 20. Nxf7 Kxf7 21. Qc4+ Be6 22. Qd3 Rb8 23. h4 Qc6 24. Qe2 Bg4 25. Qe3 Qa4 26. f3 Be6 27. Qe2 Qa5 28. Kf2 Qc5+ $19 (28... e4 29. fxe4 Ne5) 29. Qe3 Qc7 30. Kg2 Bd5 31. Rf1 Ne7 32. d3 Qxc3 33. Bd2 Rb2 34. Rfd1 Ng4 35. Qe2 Qc6 36. Rf1 Nf5 37. Kh3 Nf6 38. Qxe5 Rxd2 39. Qxf5 Be6 0-1

[Event "Czech Youth U16 Girls 2024"]
[Site "Kouty nad Desnou"]
[Date "2024.03.12"]
[Round "5.4"]
[White "Sikorova, Jana"]
[Black "Kavanova, Anezka"]
[Result "1/2-1/2"]
[ECO "D32"]
[WhiteElo "1788"]
[BlackElo "1661"]
[Annotator "NA RC"]
[PlyCount "77"]
[EventDate "2024.03.10"]
[EventType "swiss"]
[EventCountry "CZE"]
[SourceTitle "playchess.com"]
[Source "ChessBase"]
[SourceQuality "1"]
[TimeControl "40/5400+30:1800+30"]

1. d4 d5 2. c4 e6 3. Nf3 c5 4. cxd5 exd5 5. Nc3 Nc6 6. e3 Nf6 7. Be2 Be7 8. O-O O-O 9. dxc5 Bxc5 10. Nb5 Bf5 11. b3 a6 12. Nbd4 Be4 13. Bb2 Rc8 14. Rc1 Ba7 15. Nxc6 Rxc6 16. Qd2 Rxc1 17. Rxc1 Qe7 18. Bd4 Bxd4 19. Qxd4 Qa3 20. Qd2 h6 21. h3 Rd8 22. Nd4 Bg6 23. Rc7 Rd7 24. Rxd7 Nxd7 25. Qc3 Qc5 26. Qxc5 Nxc5 27. Kf1 Kf8 28. Bg4 Ke8 29. Ke2 h5 30. Bf5 Bxf5 31. Nxf5 g6 32. Nd4 Kd7 33. f3 Kd6 34. Kd2 Ne6 35. Kc3 Kc5 36. b4+ Kd6 37. f4 Nxd4 38. Kxd4 h4 39. a3 1/2-1/2

[Event "Czech Youth U16 Girls 2024"]
[Site "Kouty nad Desnou"]
[Date "2024.03.12"]
[Round "5.5"]
[White "Dudkova, Josefina"]
[Black "Kaplanova, Dominika"]
[Result "1/2-1/2"]
[ECO "D04"]
[WhiteElo "1796"]
[BlackElo "1837"]
[Annotator "NA RC"]
[PlyCount "52"]
[EventDate "2024.03.10"]
[EventType "swiss"]
[EventCountry "CZE"]
[SourceTitle "playchess.com"]
[Source "ChessBase"]
[SourceQuality "1"]
[TimeControl "40/5400+30:1800+30"]

1. Nf3 Nf6 2. d4 d5 3. e3 Bf5 4. b3 e6 5. Bb2 Bd6 6. c4 {[%emt 0:04:28] D04: Damenbauernspiele.} c6 7. Nbd2 Ne4 8. Nxe4 Bxe4 9. c5 Bc7 10. b4 O-O 11. Bd3 Bg6 12. O-O b6 13. a4 a5 14. b5 cxb5 15. axb5 Nd7 16. Bxg6 fxg6 17. Qc2 Rxf3 18. gxf3 Bxh2+ 19. Kxh2 $11 Qh4+ 20. Kg2 Qg5+ 21. Kh2 Qh5+ 22. Kg2 Qg5+ 23. Kh2 Qh5+ 24. Kg2 Qg5+ 25. Kh2 Qh4+ 26. Kg2 Qg5+ 1/2-1/2

[Event "Czech Youth U16 Girls 2024"]
[Site "Kouty nad Desnou"]
[Date "2024.03.12"]
[Round "5.6"]
[White "Lackova, Ludmila"]
[Black "Vacekova, Anita"]
[Result "1-0"]
[ECO "D85"]
[WhiteElo "1652"]
[BlackElo "1783"]
[Annotator "NA RC"]
[PlyCount "73"]
[EventDate "2024.03.10"]
[EventType "swiss"]
[EventCountry "CZE"]
[SourceTitle "playchess.com"]
[Source "ChessBase"]
[SourceQuality "1"]
[TimeControl "40/5400+30:1800+30"]

1. d4 Nf6 2. c4 g6 3. Nc3 d5 4. cxd5 Nxd5 5. e4 Nxc3 6. bxc3 Bg7 7. Be3 c5 8. Bb5+ Bd7 9. Bxd7+ Nxd7 10. Ne2 O-O 11. O-O cxd4 12. cxd4 Nb6 13. Rc1 Rc8 14. Qb3 e6 15. Rxc8 Qxc8 16. Rc1 Qd7 17. Rc5 Nc8 18. d5 Rd8 19. f3 b6 20. Rc2 exd5 21. exd5 Ne7 22. Rd2 Nf5 23. Bf2 Qb7 24. Ng3 Ne7 25. d6 Nc8 26. Ne4 Be5 27. Bg3 Bxg3 28. hxg3 b5 29. Nf6+ Kf8 30. Nxh7+ Kg7 31. Ng5 Rxd6 32. Rxd6 Nxd6 33. Qc3+ f6 34. Ne6+ Kh7 35. Qxf6 Ne8 36. Ng5+ Kh6 37. Nf7+ 1-0

[Event "Czech Youth U16 Girls 2024"]
[Site "Kouty nad Desnou"]
[Date "2024.03.12"]
[Round "5.7"]
[White "Dlaskova, Eliska"]
[Black "Hetfleischova, Elen"]
[Result "1-0"]
[ECO "B22"]
[WhiteElo "1526"]
[BlackElo "1699"]
[Annotator "NA RC"]
[PlyCount "61"]
[EventDate "2024.03.10"]
[EventType "swiss"]
[EventCountry "CZE"]
[SourceTitle "playchess.com"]
[Source "ChessBase"]
[SourceQuality "1"]
[TimeControl "40/5400+30:1800+30"]

1. e4 c5 2. c3 Nc6 3. d4 cxd4 4. cxd4 Nf6 5. d5 Ne5 6. f4 Ng6 7. e5 Ng8 8. Nf3 e6 9. d6 f6 10. Nc3 a6 11. Be3 b5 12. a4 b4 13. a5 Bb7 14. Bb6 Qb8 15. Na2 Bxf3 16. Qxf3 fxe5 17. Bc7 Qa7 18. Nxb4 exf4 19. Bb6 Qb8 20. Nxa6 Rxa6 21. Bxa6 Bxd6 22. Qb7 N8e7 23. Qxb8+ Bxb8 24. Bb7 O-O 25. O-O d5 26. Bc5 e5 27. a6 e4 28. a7 Bxa7 29. Rxa7 e3 30. Ra8 Rxa8 31. Bxa8 1-0

[Event "Czech Youth U16 Girls 2024"]
[Site "Kouty nad Desnou"]
[Date "2024.03.12"]
[Round "5.8"]
[White "Zelenkova, Sofie"]
[Black "Holatova, Irena"]
[Result "0-1"]
[ECO "A06"]
[WhiteElo "1636"]
[BlackElo "1608"]
[Annotator "NA RC"]
[PlyCount "74"]
[EventDate "2024.03.10"]
[EventType "swiss"]
[EventCountry "CZE"]
[SourceTitle "playchess.com"]
[Source "ChessBase"]
[SourceQuality "1"]
[TimeControl "40/5400+30:1800+30"]

1. Nf3 d5 2. d4 e6 3. g3 Nf6 4. Bg2 c5 5. c3 Be7 6. O-O O-O 7. Na3 Nc6 8. Nc2 b6 9. b3 Ba6 10. Re1 Ne4 11. Bb2 Qc7 12. Nd2 f5 13. Nxe4 fxe4 14. Ne3 Rad8 15. Qc2 Bd6 16. Rad1 Qf7 17. Rf1 Qh5 18. Rd2 Rf6 19. h3 Rdf8 20. Qd1 Qf7 21. Ng4 Rf5 22. f3 Bxg3 23. fxe4 dxe4 24. Rxf5 Qxf5 25. Qf1 Qxf1+ 26. Bxf1 h5 27. Ne5 e3 28. Rd1 Nxe5 29. dxe5 Rf2 30. Bg2 Rxe2 31. Bc1 Bxe5 32. Bf3 Rxa2 33. Rd8+ Kf7 34. Bxh5+ Ke7 35. Re8+ Kd7 36. Bxe3 Bxc3 37. Bg5 Bd4+ 0-1

[Event "Czech Youth U16 Girls 2024"]
[Site "Kouty nad Desnou"]
[Date "2024.03.12"]
[Round "5.10"]
[White "Janouskova, Adela"]
[Black "Archlebova, Stela"]
[Result "0-1"]
[ECO "C45"]
[WhiteElo "1684"]
[BlackElo "1600"]
[Annotator "NA RC"]
[PlyCount "44"]
[EventDate "2024.03.10"]
[EventType "swiss"]
[EventCountry "CZE"]
[SourceTitle "playchess.com"]
[Source "ChessBase"]
[SourceQuality "1"]
[TimeControl "40/5400+30:1800+30"]

1. e4 e5 2. Nf3 Nc6 3. d4 exd4 4. Nxd4 Bc5 5. Nb3 Bb6 6. Nc3 d6 7. Bd3 Nf6 8. Bg5 h6 9. Bh4 Be6 10. O-O g5 11. Bg3 h5 12. h4 Ng4 13. hxg5 Qxg5 14. Qd2 Qg7 15. Bh4 Rg8 16. g3 Nge5 17. Be2 Bxb3 18. axb3 Nd4 19. Qd1 Nxe2+ 20. Qxe2 c6 21. Rad1 Rd8 22. Bxd8 Qxg3+ 0-1

[Event "Czech Youth U16 Girls 2024"]
[Site "Kouty nad Desnou"]
[Date "2024.03.12"]
[Round "5.11"]
[White "Souralova, Jana"]
[Black "Stavova, Marketa"]
[Result "1/2-1/2"]
[ECO "C42"]
[WhiteElo "1597"]
[BlackElo "1641"]
[Annotator "NA RC"]
[PlyCount "61"]
[EventDate "2024.03.10"]
[EventType "swiss"]
[EventCountry "CZE"]
[SourceTitle "playchess.com"]
[Source "ChessBase"]
[SourceQuality "1"]
[TimeControl "40/5400+30:1800+30"]

1. e4 e5 2. Nf3 Nf6 3. Nc3 Bb4 4. Bc4 O-O 5. d3 d6 6. O-O c6 7. Bg5 h6 8. Bh4 Bg4 9. h3 Bh5 10. g4 Bg6 11. Ne2 Nbd7 12. Ng3 Qc7 13. Nf5 Bxf5 14. gxf5 d5 15. exd5 cxd5 16. Bb5 a6 17. Bxd7 Nxd7 18. c3 Bd6 19. Re1 Rae8 20. Bg3 Nf6 21. Qc2 Nh5 22. Bh2 Nf6 23. Rad1 d4 24. c4 Nd5 25. Qb1 Nb4 26. a3 Nc6 27. b4 b6 28. Qc2 Qd7 29. Qa4 Qb7 30. c5 b5 31. Qc2 1/2-1/2

[Event "Czech Youth U16 Girls 2024"]
[Site "Kouty nad Desnou"]
[Date "2024.03.13"]
[Round "6.1"]
[White "Dobsa, Emma"]
[Black "Zadrapova, Amalie"]
[Result "1/2-1/2"]
[ECO "B90"]
[WhiteElo "1750"]
[BlackElo "1857"]
[Annotator "NA RC"]
[PlyCount "93"]
[EventDate "2024.03.10"]
[EventType "swiss"]
[EventCountry "CZE"]
[SourceTitle "playchess.com"]
[Source "ChessBase"]
[SourceQuality "1"]
[TimeControl "40/5400+30:1800+30"]

1. e4 c5 2. Nf3 d6 3. d4 cxd4 4. Nxd4 Nf6 5. Nc3 a6 6. f3 e5 7. Nb3 Be6 8. Be3 h5 {[%emt 0:00:12] setzt sich inzwischen gegen 8...Be7 durch.} 9. Nd5 {[%emt 0:01:07] B90: Sizilianisch (Najdorf-Variante, Abweichungen).} Bxd5 10. exd5 Nbd7 11. Be2 Rc8 12. Rc1 g6 13. Qd2 Bg7 14. c4 O-O 15. Bg5 $146 ({Predecessor:} 15. O-O b6 16. Na1 a5 17. Nc2 Nc5 18. Na3 e4 19. Nb5 exf3 20. Bxf3 Ng4 21. Bxg4 hxg4 {½-½ Belozerov,A (2493)-Javakhadze,Z (2454) EU-ch Online 2300+ Final 2020 (3)}) 15... e4 16. fxe4 Qe8 17. Bf4 Nxe4 18. Qc2 {[%emt 0:03:25] [#]} Qe7 (18... Nb6 $1 $17 19. Qd3 (19. O-O $2 Nxd5 20. Bd3 Nxf4 $19) 19... Na4 (19... Bxb2 20. Rc2 $17)) 19. O-O Rfe8 20. Bd3 Ndc5 21. Nxc5 Nxc5 22. Bxg6 $2 fxg6 23. Qxg6 Ne4 $2 (23... Qe4 $19 24. Qxe4 Nxe4) 24. Bh6 b5 $2 (24... Kh8 $1 $11 {und Schwarz ist OK.} 25. Qxh5 Bxh6 (25... Bxb2 $2 {ist das falsche Schlagen.} 26. Rf7 $18) 26. Qxh6+ Qh7 27. Qxh7+ Kxh7 28. Rf7+ Kg6 29. Rxb7 Rb8 30. Rxb8 Rxb8) 25. Rce1 Qa7+ $1 (25... bxc4 $2 {too greedy.} 26. Rxe4 (26. Qxh5 $2 {perishes.} Bd4+ 27. Be3 Bxb2 $19) 26... Qa7+ 27. Be3 $18) 26. Be3 Qd7 (26... Qe7 $11) 27. Bd4 (27. Rf4 $1 $14 bxc4 (27... Rxc4 $2 {perishes.} 28. Ref1 $18) 28. Rxe4 Rxe4 29. Qxe4) 27... Qg4 28. Qf7+ Kh8 29. Bxg7+ Qxg7 30. Qxh5+ Kg8 31. Qf3 Nd2 32. Qh5 Rf8 33. Rxf8+ Rxf8 34. Re8 Nf3+ 35. Kh1 Ne5 36. Rxf8+ Kxf8 37. cxb5 Qf6 38. Qe2 Qf4 39. g3 Qc1+ 40. Kg2 axb5 41. b3 (41. Qf1+ $11 Qxf1+ 42. Kxf1) 41... Ke7 42. h4 {[%emt 0:00:58] [#]} Qc5 ({Black should play} 42... b4 $1 $19 43. Kh2 Qc5) 43. Qd2 b4 44. h5 $17 Qc3 45. Qg5+ Ke8 46. Qg8+ Kd7 47. Qe6+ 1/2-1/2

[Event "Czech Youth U16 Girls 2024"]
[Site "Kouty nad Desnou"]
[Date "2024.03.13"]
[Round "6.2"]
[White "Cinkova, Vicky"]
[Black "Dominikova, Denisa"]
[Result "1-0"]
[ECO "A22"]
[WhiteElo "1682"]
[BlackElo "1716"]
[Annotator "NA RC"]
[PlyCount "109"]
[EventDate "2024.03.10"]
[EventType "swiss"]
[EventCountry "CZE"]
[SourceTitle "playchess.com"]
[Source "ChessBase"]
[SourceQuality "1"]
[TimeControl "40/5400+30:1800+30"]

1. c4 e5 2. Nc3 Nf6 3. g3 d5 4. cxd5 Nxd5 5. Bg2 Nb6 6. Nf3 Nc6 7. O-O Be7 8. d3 O-O 9. Be3 Be6 10. a3 f6 11. b4 Qd7 12. Ne4 Nd4 13. Nxd4 exd4 14. Bd2 Bd5 15. Qc2 f5 16. Nc5 Bxc5 17. bxc5 Bxg2 18. Kxg2 Qc6+ 19. Kg1 Rae8 20. Rfe1 Re6 21. Qb2 Nd7 22. Qxd4 Rfe8 23. Be3 Nf6 24. Ra2 Ng4 25. Bf4 Ne5 26. Bxe5 Rxe5 27. Rc2 Qh6 28. f4 R5e6 29. Qd5 Qh5 30. e4 c6 31. Qb3 Kh8 32. e5 R8e7 33. d4 g5 34. Qe3 Rg7 35. Rg2 Qh6 36. Rf1 Qh5 37. Qf3 Qh6 38. Rgf2 Qh3 39. Qg2 Qh5 40. Rf3 Rgg6 41. Qf2 g4 42. Rb3 Rg7 43. Rfb1 Ree7 44. Qc2 Qf7 45. Rb4 Qd5 46. Qxf5 Ref7 47. Qd3 Qe6 48. R4b2 h5 49. Rf2 h4 50. f5 Qh6 51. Rbf1 Rh7 52. f6 hxg3 53. Qxg3 Qg6 54. Rg2 Rh5 55. Qxg4 1-0

[Event "Czech Youth U16 Girls 2024"]
[Site "Kouty nad Desnou"]
[Date "2024.03.13"]
[Round "6.3"]
[White "Kaplanova, Dominika"]
[Black "Lackova, Ludmila"]
[Result "1/2-1/2"]
[ECO "A20"]
[WhiteElo "1837"]
[BlackElo "1652"]
[Annotator "NA"]
[PlyCount "66"]
[EventDate "2024.03.10"]
[EventType "swiss"]
[EventCountry "CZE"]
[SourceTitle "playchess.com"]
[Source "ChessBase"]
[SourceQuality "1"]
[TimeControl "40/5400+30:1800+30"]

1. c4 e5 2. g3 Bc5 3. Bg2 Ne7 4. Nc3 d6 5. e3 Nbc6 6. Nge2 {[%emt 0:01:01] A20: English Opening: 1...e5.} Rb8 7. O-O O-O 8. d4 exd4 9. exd4 Bb6 10. Na4 Ba5 11. a3 a6 12. b4 Bb6 13. Nxb6 cxb6 14. Bf4 Ng6 15. Be3 Nce7 16. Nf4 Bd7 17. a4 Nf5 18. Bc1 Qc7 (18... Nxf4 $14 19. Bxf4 Qf6) 19. Qd3 Rfc8 20. Nd5 Qxc4 21. Qxc4 Rxc4 22. Nxb6 Rc7 23. Bh3 Nge7 24. Bf4 Rd8 $16 25. d5 Be8 26. Rac1 Rxc1 27. Rxc1 Nd4 28. Kf1 Ng6 29. Rc8 Rxc8 30. Bxc8 Nxf4 31. gxf4 Nc2 32. Bxb7 Nxb4 33. Kg2 Kf8 1/2-1/2

[Event "Czech Youth U16 Girls 2024"]
[Site "Kouty nad Desnou"]
[Date "2024.03.13"]
[Round "6.4"]
[White "Mikesova, Lenka"]
[Black "Brezikova, Beata"]
[Result "1/2-1/2"]
[ECO "C44"]
[WhiteElo "1665"]
[BlackElo "1804"]
[Annotator "NA RC"]
[PlyCount "95"]
[EventDate "2024.03.10"]
[EventType "swiss"]
[EventCountry "CZE"]
[SourceTitle "playchess.com"]
[Source "ChessBase"]
[SourceQuality "1"]
[TimeControl "40/5400+30:1800+30"]

1. e4 e5 2. Nf3 Nc6 3. d4 exd4 4. Nxd4 Qf6 5. Nf3 Bc5 6. Nc3 {[%emt 0:02:14] C45: Scotch Game.} Nge7 7. Bg5 Qe6 8. Be2 O-O 9. O-O Ne5 10. Nd4 Bxd4 11. Qxd4 N7c6 12. Qe3 Nc4 13. Bxc4 Qxc4 14. b3 Qd4 15. Nd5 f6 16. c3 Qxe3 17. Bxe3 d6 18. Nxc7 Rb8 19. Nb5 f5 20. Nxd6 fxe4 21. Nxc8 Rbxc8 22. Rfd1 a6 23. Rd7 Rf7 24. Rad1 Ne5 25. Rd8+ Rf8 26. Rxf8+ Kxf8 27. Rd5 Nd3 28. Bd4 Nc1 29. Rd7 Ne2+ 30. Kf1 Nxd4 31. cxd4 Rc1+ 32. Ke2 Rc2+ 33. Ke3 b5 34. a4 bxa4 35. bxa4 Ra2 36. Ra7 Rxa4 37. Kxe4 Ra2 38. Kf3 Ra3+ 39. Kg4 Ra2 40. Kg3 Rd2 41. Rxa6 Rxd4 42. Ra7 h5 43. f3 g6 $14 44. Ra5 Kf7 45. Re5 Kf6 46. Re4 Rd5 47. h4 Rd2 48. Kh3 1/2-1/2

[Event "Czech Youth U16 Girls 2024"]
[Site "Kouty nad Desnou"]
[Date "2024.03.13"]
[Round "6.5"]
[White "Kavanova, Anezka"]
[Black "Dlaskova, Eliska"]
[Result "1-0"]
[ECO "B08"]
[WhiteElo "1661"]
[BlackElo "1526"]
[Annotator "NA RC"]
[PlyCount "79"]
[EventDate "2024.03.10"]
[EventType "swiss"]
[EventCountry "CZE"]
[SourceTitle "playchess.com"]
[Source "ChessBase"]
[SourceQuality "1"]
[TimeControl "40/5400+30:1800+30"]

1. e4 d6 2. d4 Nf6 3. Nc3 g6 4. Nf3 Bg7 5. Be2 O-O 6. Bf4 Nh5 7. Be3 e5 8. Qd2 exd4 9. Nxd4 Nf6 10. O-O-O Nc6 11. h4 Nxd4 12. Bxd4 Qe7 13. h5 c5 14. Be3 Nxe4 15. Nxe4 Qxe4 16. hxg6 fxg6 17. Qxd6 Bf5 18. Bd3 Qb4 19. Qd5+ Rf7 20. c3 Bxc3 21. bxc3 Qxc3+ 22. Kb1 Qb4+ 23. Qb3 Rd8 24. Bxf5 Qxb3+ 25. axb3 Rxd1+ 26. Rxd1 Rxf5 27. Rd7 Rf7 28. Rxf7 Kxf7 29. Bxc5 a6 30. Kc2 Ke6 31. Kc3 Kd5 32. Be3 b5 33. Kb4 Kc6 34. Ka5 Kb7 35. b4 h5 36. g3 Kb8 37. Kxa6 Ka8 38. Kxb5 Kb7 39. Kc5 Kc7 40. Kd5 1-0

[Event "Czech Youth U16 Girls 2024"]
[Site "Kouty nad Desnou"]
[Date "2024.03.13"]
[Round "6.6"]
[White "Holatova, Irena"]
[Black "Sikorova, Jana"]
[Result "0-1"]
[ECO "B22"]
[WhiteElo "1608"]
[BlackElo "1788"]
[Annotator "NA"]
[PlyCount "84"]
[EventDate "2024.03.10"]
[EventType "swiss"]
[EventCountry "CZE"]
[SourceTitle "playchess.com"]
[Source "ChessBase"]
[SourceQuality "1"]
[TimeControl "40/5400+30:1800+30"]

1. e4 c5 2. c3 d5 3. exd5 Qxd5 4. d4 e6 5. Nf3 Nf6 6. Be3 cxd4 7. cxd4 Nc6 8. a3 Be7 9. Nc3 Qd6 10. Bd3 O-O 11. O-O b6 12. Qe2 Bb7 13. Rad1 Rac8 14. Rfe1 Rfd8 15. Bb1 g6 16. Qd3 Bf8 17. Ne4 Nxe4 18. Qxe4 Bg7 19. Qh4 Ne7 20. Bf4 Qd7 21. Ne5 Qe8 22. Ng4 Nd5 23. Bh6 Bxh6 24. Qxh6 Qf8 25. Qh4 Qe7 26. Qh6 Ba6 27. f4 Qf8 28. Qh4 Qg7 29. Re5 Kf8 30. Nf2 Rd7 31. Ne4 Bb7 32. Qg3 Nf6 33. Nc3 Rcd8 34. Qf2 Ng4 35. Qh4 Nxe5 36. fxe5 Kg8 37. Nb5 Qf8 38. Rd3 Qe7 39. Qf4 Ba6 40. a4 Bxb5 41. axb5 Qb4 42. Qf6 Qe1+ 0-1

[Event "Czech Youth U16 Girls 2024"]
[Site "Kouty nad Desnou"]
[Date "2024.03.13"]
[Round "6.7"]
[White "Dorazilova, Kristyna"]
[Black "Dudkova, Josefina"]
[Result "1-0"]
[ECO "B01"]
[WhiteElo "1722"]
[BlackElo "1796"]
[Annotator "NA RC"]
[PlyCount "91"]
[EventDate "2024.03.10"]
[EventType "swiss"]
[EventCountry "CZE"]
[SourceTitle "playchess.com"]
[Source "ChessBase"]
[SourceQuality "1"]
[TimeControl "40/5400+30:1800+30"]

1. e4 d5 2. exd5 Qxd5 3. Nc3 Qd6 4. d4 Nf6 5. Nf3 Bg4 6. Be2 e6 7. h3 Bh5 8. Be3 c6 9. Qd2 Be7 10. O-O O-O 11. Rad1 Nbd7 12. Rfe1 Nb6 13. Ne5 Bxe2 14. Qxe2 Nbd5 15. Nxd5 cxd5 16. c3 a6 17. f4 Ne4 18. Qg4 f5 19. Qf3 b5 20. Rc1 Bf6 21. Rc2 Bxe5 22. dxe5 Qd7 23. Bd4 Rfc8 24. g4 Rc6 25. Rg2 Rf8 26. gxf5 Rxf5 27. Kh2 Kf8 28. Qg4 Qf7 29. Reg1 g6 30. Be3 Nc5 31. Qd1 Na4 32. Qb1 Nb6 33. Rg5 Qd7 34. Rxf5+ exf5 35. Qd3 Nc4 36. Bc1 Rc8 37. Rd1 Rd8 38. Qd4 Qe7 39. b3 Na3 40. Qb6 Nc2 41. Qxa6 b4 42. cxb4 d4 43. b5 d3 44. Qf6+ Qxf6 45. exf6 Nd4 46. Rxd3 1-0

[Event "Czech Youth U16 Girls 2024"]
[Site "Kouty nad Desnou"]
[Date "2024.03.13"]
[Round "6.8"]
[White "Vacekova, Anita"]
[Black "Archlebova, Stela"]
[Result "1-0"]
[ECO "C64"]
[WhiteElo "1783"]
[BlackElo "1600"]
[Annotator "NA RC"]
[PlyCount "55"]
[EventDate "2024.03.10"]
[EventType "swiss"]
[EventCountry "CZE"]
[SourceTitle "playchess.com"]
[Source "ChessBase"]
[SourceQuality "1"]
[TimeControl "40/5400+30:1800+30"]

1. e4 e5 2. Nf3 Nc6 3. Bb5 Bc5 4. c3 Nf6 5. d4 exd4 6. e5 Nd5 7. O-O O-O 8. cxd4 Bb6 9. Nc3 Nxc3 10. bxc3 d6 11. Bg5 Ne7 12. Bd3 dxe5 13. dxe5 Bg4 14. Qc2 Qd7 15. Bxh7+ Kh8 16. Be4 Rab8 17. c4 Bc5 18. Rab1 b6 19. Rfd1 Qe6 20. Re1 Ng6 21. h3 Bxf3 22. Bxf3 Be7 23. Bd5 Qc8 24. Bxf7 Bxg5 25. Qxg6 Bh6 26. e6 Qb7 27. e7 Qa8 28. Bd5 1-0

[Event "Czech Youth U16 Girls 2024"]
[Site "Kouty nad Desnou"]
[Date "2024.03.13"]
[Round "6.9"]
[White "Stavova, Marketa"]
[Black "Hetfleischova, Elen"]
[Result "1-0"]
[ECO "A06"]
[WhiteElo "1641"]
[BlackElo "1699"]
[Annotator "NA RC"]
[PlyCount "63"]
[EventDate "2024.03.10"]
[EventType "swiss"]
[EventCountry "CZE"]
[SourceTitle "playchess.com"]
[Source "ChessBase"]
[SourceQuality "1"]
[TimeControl "40/5400+30:1800+30"]

1. Nf3 d5 2. c4 Nc6 3. d4 Nf6 4. Nc3 Bf5 5. Bf4 e6 6. e3 Bd6 7. Ne5 O-O 8. Bg3 Bxe5 9. Bxe5 Nxe5 10. dxe5 Ng4 11. cxd5 Nxe5 12. e4 Bg6 13. Be2 exd5 14. exd5 Qd6 15. O-O a6 16. f4 Qb6+ 17. Kh1 Qxb2 18. Na4 Qb4 19. a3 Qe4 20. fxe5 Qxe5 21. Bf3 Qd6 22. Qb3 Rab8 23. Nc3 Rfe8 24. Rfe1 b5 25. Rac1 Rbd8 26. Rcd1 Qc5 27. Qb2 Bf5 28. Ne4 Qe7 29. Qc1 Rc8 30. Ng3 Qd7 31. Rxe8+ Rxe8 32. Nxf5 1-0